 Dungeon Crawl Stone Soup version 0.25-a0-308-geac79542e2 (webtiles) character file.

Game seed: 11497604934270426545, levelgen mode: deterministic

591 tilp the Caller (level 7, -5/36 HPs)
             Began as a Vine Stalker Summoner on Dec 22, 2019.
             Slain by a killer bee (9 damage)
             ... on level 6 of the Dungeon.
             The game lasted 00:17:17 (4661 turns).

tilp the Caller (Vine Stalker Summoner)             Turns: 4661, Time: 00:17:18

Health: -5/36      AC:  5    Str: 13    XL:     7   Next: 39%
Magic:  0/11       EV: 12    Int: 17    God:
Gold:   71         SH:  5    Dex: 14    Spells: 4/10 levels left

rFire    + . .     SeeInvis .   b - +0 dagger
rCold    . . .     Gourm    .   r - +0 buckler
rNeg     . . .     Faith    .   a - +0 robe
rPois    .         Spirit   +   h - +0 helmet
rElec    .         Reflect  .   z - +0 cloak
rCorr    .         Harm     .   w - +0 pair of gloves
MR       .....                  (no boots)
Stlth    ++........             (no amulet)
HPRegen  0.52/turn              v - ring of protection from fire
MPRegen  0.12/turn              p - +2 ring of strength

@: about to teleport
A: fangs 2, regeneration 1, magic shield, antimagic bite, no potion heal 3, rot
immunity
a: no special abilities


You were on level 6 of the Dungeon.
You were very hungry.

You visited 1 branch of the dungeon, and saw 6 of its levels.

You collected 151 gold pieces.
You spent 80 gold pieces at shops.

Inventory:

Hand Weapons
 b - a +0 dagger (weapon)
Missiles
 g - 111 stones (quivered)
 n - 20 poisoned darts
 o - 10 sling bullets
 x - 8 javelins
Armour
 a - a +0 robe (worn)
 h - a +0 helmet (worn)
 m - a +0 ring mail of fire resistance
 r - a +0 buckler (worn)
 w - a +0 pair of gloves (worn)
 z - a +0 cloak (worn)
Jewellery
 d - an uncursed ring of ice
 p - a +2 ring of strength (right hand)
 v - a ring of protection from fire (left hand)
Wands
 f - a wand of paralysis (6)
 t - a wand of iceblast (3)
 A - a wand of random effects (10)
Scrolls
 i - a scroll of immolation {unknown}
 j - 4 scrolls of teleportation
 l - a scroll of remove curse
 u - a scroll of magic mapping {unknown}
 y - 2 scrolls of amnesia {unknown}
 C - a scroll of blinking {unknown}
Potions
 e - 2 potions of haste
 k - 2 potions of might
 q - a potion of flight {unknown}
 s - a potion of curing
 B - a potion of heal wounds {unknown}
Comestibles
 c - 9 rations
 D - 3 chunks of flesh


   Skills:
 - Level 3.0 Fighting
 + Level 1.8 Dodging
 + Level 2.8 Stealth
 - Level 4.1 Shields
 - Level 2.1 Spellcasting
 - Level 6.0 Summonings
 + Level 0.6 Evocations


You had 4 spell levels left.
You knew the following spells:

 Your Spells              Type           Power        Failure   Level  Hunger
a - Summon Small Mammal   Summ           ###.         1%          1    #......
b - Call Imp              Summ           ###.....     2%          2    ###....
c - Call Canine Familiar  Summ           ###.....     4%          3    ###....

Your spell library contained the following spells:

 Spells                   Type           Power        Failure   Level  Hunger
 Summon Guardian Golem    Hex/Summ       ##......     17%         3    ###....
 Summon Ice Beast         Ice/Summ       ##......     50%         4    #####..
 Summon Lightning Spire   Summ/Air       ##......     50%         4    #####..


Dungeon Overview and Level Annotations

Branches:
Dungeon (6/15)
 Temple: D:4-7

Altars:
Ashenzari
Cheibriados
Dithmenos
Elyvilon
Fedhas
Gozag
Hepliaklqana
Kikubaaqudgha
Nemelex Xobeh
Qazlal
Sif Muna
Wu Jian

Shops:
D:4 *   D:5 *

Annotations:
D:2 1 runed translucent door, exclusion: adder, Crazy Yiuf, Sigmund


Innate Abilities, Weirdness & Mutations

You have extremely sharp teeth.
Your natural rate of healing is unusually fast.
When hurt, damage is shared between your health and your magic reserves.
Your bite disrupts and absorbs the magic of your enemies.
Potions cannot restore your health.
You are immune to rotting.


Message History

The killer bee stings you. The killer bee stings your crimson imp.
Your crimson imp dies!
As you read the scroll of teleportation, it crumbles to dust.
You feel strangely unstable.
The killer bee stings you but does no damage.
The killer bee closely misses you. The killer bee completely misses you.
The adder bites you but does no damage. You block the killer bee's attack.
The killer bee stings you but does no damage.
The killer bee stings you.
* * * LOW HITPOINT WARNING * * *
The adder bites you but does no damage.
Unknown command.
Your system rejects the healing.
You feel better.
You block the killer bee's attack. x2; The killer bee barely misses you.
You block the killer bee's attack. The killer bee stings you.
* * * LOW HITPOINT WARNING * * *
The killer bee stings you!
* * * LOW HITPOINT WARNING * * *
The killer bee stings you!
You die...

. .. $..
....### [...
..?## .....
#..#
.....###<#
...[.O..S#####
.....a.hy@y..#
........yyy..#
...#####a....#
.# ##....#
#....# #....#
#....# #....#
#....#


You could see an ogre, a hound, 2 worker ants, 5 killer bees and an adder.

Vanquished Creatures
  A phantom (D:5)
  A centaur skeleton (D:4)
  2 worker ants (D:4)
  An iguana (D:4)
  2 hound skeletons
  2 adders
  An adder skeleton (D:4)
  A dart slug (D:1)
  9 leopard geckos
  An orc (D:4)
  A giant cockroach (D:2)
  5 goblins
  3 hobgoblins
  3 kobolds
  A quokka (D:4)
  5 bats
  3 frilled lizards
  A leopard gecko skeleton (D:5)
  A leopard gecko zombie (D:5)
  5 rats
49 creatures vanquished.

Vanquished Creatures (collateral kills)
  2 ice beasts
  An ogre (D:3)
  2 howler monkeys
  A jelly (D:5)
  3 orc wizards
  A worker ant (D:5)
  6 adders
  A shadow imp (D:5)
  An ooze (D:5)
  3 dart slugs
  2 leopard geckos (D:1)
  8 orcs
  4 goblins
  2 hobgoblins
  4 jackals (D:4)
  A quokka (D:2)
  5 bats
  A kobold (D:1)
48 creatures vanquished.

Grand Total: 97 creatures vanquished

Notes
Turn   | Place    | Note
-------+----------+-------------------------------------------
     0 | D:1      | tilp the Vine Stalker Summoner began the quest for the Orb.
     0 | D:1      | Reached XP level 1. HP: 9/9 MP: 4/4
   255 | D:1      | Reached skill level 1 in Fighting
   387 | D:1      | Reached XP level 2. HP: 14/14 MP: 4/6
   398 | D:1      | Learned a level 2 spell: Call Imp
   802 | D:1      | Reached XP level 3. HP: 14/18 MP: 0/7
  1537 | D:2      | Found an ornate altar of the Wu Jian Council.
  1543 | D:2      | Found a white marble altar of Elyvilon.
  1544 | D:2      | Found a stormy altar of Qazlal.
  1546 | D:2      | Found a hazy altar of Hepliaklqana.
  1548 | D:2      | Found an ancient bone altar of Kikubaaqudgha.
  1799 | D:2      | Noticed Sigmund
  1839 | D:2      | Found a snail-covered altar of Cheibriados.
  2122 | D:2      | Found a runed translucent door.
  2123 | D:2      | Noticed Crazy Yiuf
  2255 | D:3      | Learned a level 3 spell: Call Canine Familiar
  2276 | D:3      | Gained mutation: Your natural rate of healing is unusually
                  | fast. [Vine Stalker growth]
  2276 | D:3      | Reached XP level 4. HP: 22/24 MP: 6/8
  2286 | D:3      | Noticed an ogre
  2305 | D:3      | Killed an ogre
  2305 | D:3      | Reached skill level 1 in Shields
  2470 | D:3      | Reached XP level 5. HP: 28/28 MP: 5/9
  2483 | D:3      | Found a blossoming altar of Fedhas.
  2782 | D:4      | Found a sparkling altar of Nemelex Xobeh.
  2782 | D:4      | Found a shadowy altar of Dithmenos.
  3045 | D:4      | Reached skill level 5 in Summonings
  3173 | D:4      | Found Bunoseem's General Store.
  3244 | D:4      | Found a shattered altar of Ashenzari.
  3405 | D:4      | Reached XP level 6. HP: 25/32 MP: 8/10
  3520 | D:4      | Found a shimmering blue altar of Sif Muna.
  3860 | D:5      | Entered Level 5 of the Dungeon
  3860 | D:5      | Noticed an ice beast
  4049 | D:5      | Reached skill level 6 in Summonings
  4117 | D:5      | Killed an ice beast
  4216 | D:5      | Reached XP level 7. HP: 33/36 MP: 6/11
  4382 | D:5      | Found an opulent altar of Gozag.
  4563 | D:5      | Found Fioschuid's General Store.
  4568 | D:5      | Bought a wand of paralysis (6) for 80 gold pieces
  4661 | D:6      | Slain by a killer bee

Levels and vault maps discovered:
D:1:      eino_arrival_cavern_d, layout_loops_corners, amethyst_killhole,
          minmay_misc_feat_x
D:2:      layout_basic, minitemple, kennysheep_slug_shrine,
          uniq_crazy_yiuf_cottage, uniq_sigmund
D:3:      layout_loops_cross, serial_bayou_pond_c,
          chequers_serial_rivers_micro_b, fedhas_altar_2
D:4:      layout_loops_ring, led_sif_book, cheibrodos_ashenzari_chains,
          chequers_temple_overflow_statue_of_worship, serial_shops,
          kennysheep_mini
D:5:      layout_cave_pools, nicolae_overflow_hidden_temple, first_ration,
          serial_shops, kennysheep_little_box
D:6:      layout_rooms, overflow_temple_1_default, temple_green, minmay_circle_x

Skill      XL: |  1  2  3  4  5  6  7 |
---------------+----------------------+-----
Fighting       | 1 2 3 |  3.0
Shields        | 1 2 3 4 |  4.1
Summonings     | 5 6 |  6.0
Dodging        | |  1.8
Stealth        | |  2.8
Spellcasting   | |  2.1
Evocations     | |  0.6

Action                   |  1- 3 |  4- 6 |  7- 9 || total
-------------------------+-------+-------+-------++-------
Melee: Dagger            |    83 |   132 |    45 ||   260
       Bite              |    21 |    41 |     9 ||    71
       Unarmed           |     5 |       |       ||     5
Throw: Stone             |     3 |     6 |     1 ||    10
 Cast: Summon Small Mamm |    20 |     5 |     6 ||    31
       Call Imp          |    11 |    22 |     6 ||    39
       Call Canine Famil |       |     5 |     2 ||     7
Evoke: Wand              |       |     2 |       ||     2
  Use: Scroll            |     4 |     1 |     2 ||     7
       Potion            |       |       |     1 ||     1
 Stab: Sleeping          |     5 |     5 |       ||    10
       Distracted        |     1 |       |       ||     1
  Eat: Chunk             |     5 |     9 |     1 ||    15
Armor: Robe              |    36 |    25 |     8 ||    69
Dodge: Dodged            |    62 |    80 |    28 ||   170
Block: Buckler           |       |    11 |    16 ||    27

Table legend:
 A = Non-vault XP
 B = Vault XP
 C = Vault XP percentage of total XP
 D = Non-vault monster count
 E = Vault monster count
 F = Vault count percentage of total count
                 A         B        C        D         E       F
            +---------+---------+-------+---------+---------+-------
      Total |     784 |      61 |   7.2 |      94 |       3 |   3.1
            +---------+---------+-------+---------+---------+-------
        D:1 |      52 |       0 |   0.0 |      29 |       0 |   0.0
        D:2 |      19 |       2 |   9.5 |      10 |       1 |   9.1
        D:3 |      99 |       0 |   0.0 |      11 |       0 |   0.0
        D:4 |     176 |      59 |  25.1 |      20 |       2 |   9.1
        D:5 |     341 |       0 |   0.0 |      22 |       0 |   0.0
        D:6 |      97 |       0 |   0.0 |       2 |       0 |   0.0
            +---------+---------+-------+---------+---------+-------
